Map: Neon Violet Square LE

Players

blackxored - Winner!

  • Race: Zerg Zerg
  • League: Diamond
  • Spawn Location: 5:00

SolidZKlant

  • Race: Protoss Protoss
  • League: Diamond
  • Spawn Location: 11:00

VOD

Have the link to the VOD?

Description

Time

  • Played on: Nov. 24, 2017, 2:29 p.m.
  • Length: 14:12
Show
View Real Time Build Order
Export as new Build Order

blackxored Zerg - Winner!

Build Orders: Hatch First 

Get SALT Encoding   

  12  0:01  Drone  
  13  0:13  Overlord  
  13  0:18  Drone  
  14  0:33  Drone x2  
  16  0:35  Drone  
  17  0:57  Drone  
  17  0:59  Drone, Hatchery  
  18  1:12  Extractor  
  18  1:16  Spawning Pool  
  16  1:18  Drone  
  16  1:22  Drone  
  18  1:31  Drone  
  19  1:41  Overlord  
  19  1:50  Drone  
  20  2:03  Zergling x2, Queen  
  23  2:10  Queen  
  23  2:11  Zergling x2  
  23  2:14  Drone  
  27  2:17  Metabolic Boost  
  27  2:21  Drone  
  28  2:35  Drone x3  
  31  2:52  Overlord  
  31  2:56  Evolution Chamber  
  31  2:57  Zergling x2  
  31  2:58  Zergling x2  
  32  3:00  Hatchery  
  32  3:01  Zergling x2  
  32  3:08  Zergling x4  
  34  3:14  Zergling x4  
  34  3:17  Overlord  
  36  3:24  Drone x3  
  39  3:28  Drone  
  40  3:39  Drone x3  
  40  3:40  Drone  
  44  3:47  Drone x2  
  45  4:14  Drone x8  
  50  4:20  Queen  
  49  4:39  Drone x3  
  49  4:40  Drone x3  
  49  4:43  Spore Crawler x2  
  49  4:44  Lair  
  53  4:52  Drone, Roach Warren  
  53  4:53  Zerg Melee Weapons Level 1  
  53  4:59  Spore Crawler  
  51  5:01  Drone x3  
  51  5:02  Drone x2  
  51  5:06  Extractor  
  55  5:14  Zergling x6  
  55  5:15  Overlord x4  
  55  5:17  Overlord  
  55  5:20  Overlord x3  
  58  5:33  Queen  
  60  5:36  Roach x7  
  60  5:38  Roach  
  60  5:40  Roach  
  78  5:46  Overlord  
  78  5:49  Overseer  
  78  5:52  Drone x5  
  78  5:53  Drone  
  84  6:01  Zergling x2, Roach  
  87  6:09  Roach x3  
  87  6:10  Roach x4  
  101  6:12  Queen  
  101  6:14  Queen  
  105  6:23  Zergling x2  
  105  6:24  Zergling x8  
  110  6:26  Ravager  
  110  6:29  Ravager  
  104  6:52  Baneling Nest  
  103  6:56  Drone x13, Extractor  
  103  6:57  Hatchery  
  103  6:58  Extractor  
  103  7:01  Overseer  
  113  7:02  Overlord  
  113  7:08  Drone x2, Extractor  
  113  7:09  Extractor  
  113  7:33  Zerg Melee Weapons Level 2  
  113  7:34  Drone  
  113  7:35  Drone x2  
  113  7:36  Drone x3  
  119  7:39  Drone  
  119  7:40  Drone x2  
  119  7:41  Drone  
  119  7:42  Drone x3  
  119  7:43  Overlord x3  
  126  7:46  Hydralisk Den  
  125  7:54  Centrifical Hooks  
  125  7:57  Overlord x3  
  125  8:04  Overlord x4  
  125  8:16  Queen  
  125  8:17  Overlord x3  
  127  8:20  Muscular Augments, Hydralisk x3  
  127  8:26  Overseer  
  133  8:29  Zergling x8  
  133  8:30  Zergling x6  
  133  8:33  Queen  
  142  8:38  Hydralisk x2  
  146  8:44  Extractor  
  145  8:49  Overlord x3, Extractor  
  144  8:55  Overlord  
  144  8:56  Overlord  
  144  8:57  Drone  
  144  8:58  Drone x7  
  152  9:12  Pneumatized Carapace  
  152  9:16  Hydralisk x10  
  152  9:17  Hydralisk x2  
  154  9:22  Glial Reconstitution  
  176  9:32  Drone x7  
  183  9:43  Overlord x4  
  182  9:51  Overlord x2  
  182  9:55  Zerg Missile Weapons Level 1, Hatchery  
  182  9:56  Hydralisk x9  
  199  10:01  Overlord x2  
  199  10:17  Overlord x2  
  199  10:18  Overlord  
  199  10:24  Baneling x11  
  199  10:25  Baneling x9  
  199  10:28  Baneling x5  
  199  10:29  Baneling  
  199  10:38  Overlord x3  
  199  10:44  Infestation Pit  
  195  11:30  Hydralisk x2  
  199  11:44  Hydralisk x5  
  114  11:58  Hydralisk x20  
  114  11:59  Hydralisk x12  
  176  12:07  Zergling x4  
  178  12:14  Zergling x8  
  178  12:15  Zergling x2  
  183  12:17  Overseer  
  183  12:19  Hydralisk  
  182  12:33  Zergling x18  
  182  12:34  Zergling x4  
  179  12:52  Hive  
  179  12:55  Zergling x24  
  191  13:01  Baneling  
  191  13:02  Baneling x22  
  191  13:03  Baneling x10  
  191  13:07  Zergling x18  
  200  13:23  Overlord x3  
  200  13:31  Hatchery, Extractor  
  198  13:34  Extractor  
  198  13:36  Baneling x6  
  198  13:41  Baneling x11  
  197  13:42  Baneling x25  
Show
View Real Time Build Order
Export as new Build Order

SolidZKlant Protoss 

Build Orders: 1 Gate Expand, Zealot Archon, Dark Templar Rush 

Get SALT Encoding   

  12  0:00  Probe  
  13  0:15  Pylon  
  13  0:18  Probe  
  14  0:30  Probe  
  15  0:38  Gateway  
  15  0:43  Probe (Chrono Boost)  
  16  0:51  Assimilator  
  16  0:55  Probe (Chrono Boost)  
  18  1:04  Probe (Chrono Boost)  
  18  1:09  Probe  
  19  1:24  Nexus  
  19  1:30  Probe  
  20  1:37  Cybernetics Core  
  20  1:42  Probe  
  20  1:46  Assimilator  
  21  1:56  Pylon  
  21  1:58  Probe (Chrono Boost)  
  23  2:09  Probe (Chrono Boost)  
  23  2:14  Adept  
  25  2:22  Warp Gate (Chrono Boost)  
  25  2:23  Shield Battery  
  25  2:26  Shield Battery  
  25  2:27  Probe  
  26  2:41  Adept  
  27  2:44  Pylon  
  27  2:47  Probe x2  
  29  3:00  Twilight Council  
  29  3:01  Probe  
  29  3:02  Probe  
  33  3:13  Sentry  
  33  3:14  Probe (Chrono Boost)  
  33  3:15  Probe (Chrono Boost)  
  35  3:26  Probe (Chrono Boost)  
  37  3:27  Probe (Chrono Boost)  
  37  3:28  Robotics Facility  
  37  3:32  Probe x2  
  39  3:42  Dark Shrine  
  39  3:45  Probe x2  
  41  3:56  Gateway  
  41  3:57  Gateway  
  41  3:59  Probe  
  41  4:01  Probe  
  37  4:28  Adept  
  33  4:39  Gateway  
  31  4:58  Probe x2  
  31  5:03  Gateway  
  31  5:04  Warp Prism (Chrono Boost)  
  33  5:10  Probe x2  
  35  5:22  Probe x2  
  37  5:33  Pylon  
  37  5:34  Probe x2  
  39  5:46  Probe x2  
  41  5:50  Assimilator  
  41  5:58  Probe x2  
  41  6:00  Dark Templar x3  
  49  6:06  Dark Templar  
  49  6:10  Probe x2, Assimilator  
  53  6:11  Archon x2  
  53  6:19  Shield Battery  
  53  6:25  Probe x2  
  55  6:36  Nexus  
  53  6:40  Resonating Glaives (Chrono Boost)  
  42  6:48  Adept x4  
  42  6:49  Adept  
  52  6:56  Gateway  
  52  6:57  Gateway  
  52  7:00  Pylon  
  52  7:05  Probe (Chrono Boost)  
  52  7:06  Probe (Chrono Boost)  
  56  7:17  Pylon, Probe (Chrono Boost)  
  56  7:18  Immortal (Chrono Boost)  
  56  7:19  Probe (Chrono Boost)  
  60  7:30  Adept x4  
  60  7:33  Adept  
  70  7:42  Forge  
  70  7:46  Templar Archives  
  70  7:50  Probe x2  
  72  7:53  Probe  
  73  8:03  Immortal (Chrono Boost)  
  77  8:10  Protoss Ground Weapons Level 1 (Chrono Boost)  
  77  8:17  Probe  
  77  8:18  Probe x2  
  80  8:24  Adept x2  
  80  8:25  Adept x2  
  88  8:29  Psionic Storm  
  88  8:32  Immortal  
  92  8:37  Pylon  
  92  8:40  Pylon  
  92  8:41  Probe  
  93  8:46  Pylon  
  93  8:55  Probe x3  
  96  8:57  Assimilator  
  96  8:59  Assimilator  
  96  9:07  Probe  
  97  9:12  Observer  
  98  9:19  Robotics Facility  
  98  9:22  Probe x3  
  101  9:35  High Templar x3  
  107  9:39  Nexus  
  107  9:41  Protoss Ground Weapons Level 2  
  107  9:50  Pylon  
  107  9:51  Observer  
  107  9:52  Pylon  
  108  9:55  Probe x3  
  111  10:07  Photon Cannon  
  111  10:09  Photon Cannon  
  111  10:16  Photon Cannon  
  111  10:17  Photon Cannon  
  111  10:19  Photon Cannon, High Templar  
  113  10:24  High Templar x2  
  113  10:25  Adept  
  113  10:26  Adept x3  
  124  10:38  Shield Battery  
  124  10:39  Shield Battery x2  
  124  10:40  Shield Battery  
  124  10:50  Stalker  
  124  10:51  Stalker x3  
  124  10:52  Stalker  
  134  10:57  Immortal (Chrono Boost)  
  134  10:58  Immortal (Chrono Boost)  
  142  11:14  Probe x4  
  142  11:16  High Templar  
  148  11:20  Pylon  
  133  11:26  Probe x3  
  133  11:27  Probe  
  133  11:28  Stalker x3  
  143  11:35  Photon Cannon  
  143  11:36  Photon Cannon  
  101  11:55  Stalker  
  101  11:56  Stalker x6  
  80  12:39  Adept x6  
  80  12:40  Adept  
  76  12:46  Probe x3  
  76  12:47  Gateway x2  
  76  12:49  Probe  
  76  12:50  Gateway  
  80  12:55  Immortal  
  84  13:00  Probe x2  
  84  13:01  Probe  
  84  13:04  High Templar x3  
  84  13:05  High Templar x3  
  95  13:10  Probe, High Templar  
  103  13:12  Probe  
  103  13:13  Probe x2  
  105  13:23  Probe, Robotics Bay  
  114  13:43  Adept x4  
  114  13:46  Assimilator  
  122  13:49  Assimilator  
Tags
 
Add a new tag
Caveats
  • Supply blocks, unpowered buildings, or Contaminate may cause inaccurate times.
  • Supply counts are checked every 10 seconds.